cohdb
Replays
Latest Replays
All Replays
Popular Replays
Top Player Replays
Match Explorer
How It Works
Community
CoH3 Stats
Reddit
Sign in to upload your games and track your stats! →
Sign in with Steam
Match 42555079
Unlisted
Match 42555079
Overview
Messages
Build Orders
End
Selects Italian Combined Arms Battlegroup
Selects Bersaglieri Squad
Bersaglieri Squad
Bersaglieri Squad
Bersaglieri Squad
Construct Light Support Kompanie
Selects Bersaglieri Bolster
Fire Support Elements
Bersaglieri Squad
2.5-tonne Medical Truck
Veteran Squad Leaders
Selects Breda Model 30 Light Machine Guns
Flakvierling Half-track
Bersaglieri Squad
Pak 38 Mechanized Group
Construct Panzerarmee Kommand
homig
kerem
FooKilla
Kobalskius
0
0
Comments
sign in to comment!
No comments posted yet!